AoeStats
← Bugsibär

Arabia

504994968Analyzed
1v1 RM · 25d ago on Sep 7, 2026· 42m 7s· 2 players
Game mode
Random Map
Map size
Tiny (2 player)
Population
200
Speed
Normal
Resources
Standard
Victory
Conquest
Starting age
Dark Age
Ending age
Imperial Age
RankedLock teamsTeams togetherTeam positionsShared explorationLock speedFull tech treeHidden civsTurbo modeCheats
Victory
Defeat
🇬🇧 Hindustanis · United Kingdom
1835
+12
🇩🇪 Wu · Germany
1751
-12
Bugsibär
7:14 Loom
9:32 Feudal Age
10:19 Double-Bit Axe
9:59 Man-at-Arms
10:35 Double-Bit Axe
15:33 Fletching
16:11 Padded Archer Armor
21:05 Castle Age
18:56 Horse Collar
20:14 Gold Mining
21:14 Wheelbarrow
21:54 Bodkin Arrow
21:38 Crossbowman
24:44 Bow Saw
27:37 Long Swordsman
28:18 Squires
30:13 Hand Cart
34:10 Imperial Age
32:12 Heavy Plow
33:12 Arson
33:30 Scale Mail Armor
35:17 Chain Mail Armor
35:07 Two-Handed Swordsman
36:14 Conscription
38:06 Arbalester
38:17 Elite Skirmisher
39:42 Bracer
39:58 Leather Archer Armor
39:13 Champion
40:13 Forging
Clanger
6:10 Loom
9:14 Feudal Age
10:11 Double-Bit Axe
13:28 Fletching
15:09 Forging
18:13 Castle Age
16:17 Horse Collar
19:27 Bow Saw
20:14 Heavy Plow
24:06 Scale Mail Armor
25:53 Chain Mail Armor
25:40 Squires
28:12 Forging
30:06 Town Watch
30:56 Wheelbarrow
31:25 Iron Casting
35:04 Imperial Age
33:12 Padded Archer Armor
33:08 Gold Mining
33:09 Stone Mining
33:25 Bodkin Arrow
35:35 Hand Cart
36:49 Chemistry
36:42 Leather Archer Armor
37:11 Siege Engineers
38:10 Blast Furnace
37:41 Conscription
37:23 Grand Trunk Road
38:06 Light Cavalry
38:57 Bloodlines
39:01 Shatagni
39:05 Husbandry
39:00 Hussar
40:20 Scale Barding Armor
41:38 Gold Shaft Mining
41:38 Stone Shaft Mining
41:33 Chain Barding Armor
42:51 Ring Archer Armor
42:59 Plate Barding Armor
Connection lost

Rejoining the realm…

Still unreachable

The connection could not be restored.

Session expired

The server has moved on; the page needs a fresh start.